 Seeded DCSS version 0.31-a0-544-gceb718ecc6 (webtiles) character file.

Game seed: 3826825538972431165 (custom seed)

228 innerfire43 the Trooper (level 5, -2/43 HPs)
             Began as a Demonspawn Monk on Aug 15, 2023.
             Killed by nerve-wracking pain
             ... invoked by Grinder
              (7 damage)
             ... while paralysed by Grinder
             ... on level 3 of the Dungeon.
             The game lasted 00:03:03 (2137 turns).

innerfire43 the Trooper (Demonspawn Monk)           Turns: 2137, Time: 00:03:04

Health: -2/43      AC: 17    Str: 14    XL:     5   Next: 71%
Magic:  5/5        EV:  2    Int: 11    God:
Gold:   261        SH:  0    Dex: 18    Spells: 4/4 levels left

rFire   . . .        a - +0 spear
rCold   + . .        d - orb {light}
rNeg    . . .        e - +4 scale mail "Vyhiag" {rC+ rCorr Dex+3}
rPois   .            q - +0 helmet
rElec   .            (no cloak)
rCorr   +            (no gloves)
SInv    .            (no boots)
Will    .....        (no amulet) Stlth
                     (no ring)
HPRegen 0.27/turn    (no ring)
MPRegen 0.09/turn

%: no passive effects
@: paralysed, glowing
A: molten scales 1, icemail 1, condensation shield
a: no special abilities


You were on level 3 of the Dungeon.
You visited 1 branch of the dungeon, and saw 4 of its levels.

You collected 261 gold pieces.

Inventory:

Hand Weapons
 a - a +0 spear (weapon)
Missiles
 t - 2 boomerangs
Armour
 b - a +0 robe
 d - an orb of light (worn)
 e - the +4 scale mail "Vyhiag" (worn) {rC+ rCorr Dex+3}
   (You acquired it on level 1 of the Dungeon)

   Dex+3:     It affects your dexterity (+3).
   rC+:       It protects you from cold.
   rCorr:     It protects you from acid and corrosion.
 q - a +0 helmet (worn)
Jewellery
 p - a ring of protection from cold
 u - a ring of see invisible
Scrolls
 f - 2 scrolls of vulnerability {unknown}
 g - a scroll of amnesia {unknown}
 h - a scroll of brand weapon {unknown}
 j - 2 scrolls of identify {unknown}
 k - 4 scrolls of noise {unknown}
 n - a scroll of torment {unknown}
 r - 2 scrolls of enchant armour {unknown}
Potions
 c - a potion of ambrosia
 i - 2 potions of mutation {unknown}
 l - a potion of curing
 m - a potion of cancellation {unknown}
 o - a potion of brilliance {unknown}
 s - a potion of enlightenment {unknown}
 v - a potion of invisibility {unknown}


   Skills:
 + Level 4.5 Fighting
 + Level 4.0 Polearms
 + Level 4.0 Dodging


You had 4 spell levels left.
You didn't know any spells.
Your spell library was empty.

Dungeon Overview and Level Annotations

Branches:
Dungeon (4/15)
 Temple: D:4-7

Altars:

Annotations:
D:3 Grinder


Innate Abilities, Weirdness & Mutations

You are partially covered in molten scales. (AC +2)
A meltable icy envelope protects you from harm. (AC +4)
A meltable shield of frost defends you. (SH +4)


Message History

Grinder hits you but does no damage.
You hit Grinder but do no damage.
Grinder is severely wounded.
Grinder hits you!
You writhe in agony.
You hit Grinder.
Grinder is severely wounded.
Grinder blinks!
You see here a +0 club.
Grinder gestures at you.
You barely resist.
Grinder blinks!
Grinder blinks!
Grinder gestures at you. Pain shoots through your body!
You see here a +0 club.
Grinder hits you.
* * * LOW HITPOINT WARNING * * *
Things that are here:
a +0 club; a +0 whip You closely miss Grinder.
Grinder is severely wounded.
Grinder hits you but does no damage.
You hit Grinder but do no damage.
Grinder is severely wounded.
You hit Grinder.
Grinder is severely wounded.
Grinder blinks!
Grinder hits you.
* * * LOW HITPOINT WARNING * * *
You writhe in agony.
* * * LOW HITPOINT WARNING * * *
Things that are here:
a +0 club; a +0 whip You hit Grinder.
Grinder is almost dead.
Grinder gestures at you.
You suddenly lose the ability to move!
Grinder gestures at you. Pain shoots through your body!
You die...

).........###### #.####### #.
.........## #.......#####.
........## ###...........
.......## #######
#.###....... .......#
#.....#####.#....#####
.....#.### #.....##....#....#
....##...###...........'.†..#
###........###)###.....#....#
# #
#..>.........5@......###'## #
###........###>.###....# #.#
# ...........# #### #....#
#.# # ###........# #....#
#.###### #........# #....#
#....... ###........# ######
#######. #.####.##### ###.
.#.# #.# #... #.## #.# #.#.


You could see Grinder.

Vanquished Creatures
  An orc priest (D:3)
  Jessica (D:2)
  Robin (D:2)
  4 gnolls (D:3)
  4 adders
  A worm (D:3)
  A dart slug (D:1)
  5 orcs (D:3)
  4 bats
  8 endoplasms
  3 giant cockroaches (D:1)
  12 goblins
  7 hobgoblins
  2 jackals (D:2)
  4 kobolds
  2 quokkas
  4 ball pythons
  4 frilled lizards
  6 rats
74 creatures vanquished.

Notes
Turn   | Place    | Note
-------+----------+-------------------------------------------
     0 | D:1      | innerfire43 the Demonspawn Monk began the quest for the
                  | Orb.
     0 | D:1      | Reached XP level 1. HP: 18/18 MP: 1/1
    70 | D:1      | Identified a scroll of acquirement
    70 | D:1      | Acquired the +4 scale mail "Vyhiag" {rC+ rCorr Dex+3}
   230 | D:1      | Gained mutation: A meltable shield of frost defends you.
                  | (SH +4) [demonic ancestry]
   230 | D:1      | Reached XP level 2. HP: 23/24 MP: 2/2
   664 | D:2      | Gained mutation: You are partially covered in molten
                  | scales. (AC +2) [demonic ancestry]
   664 | D:2      | Reached XP level 3. HP: 29/29 MP: 3/3
   942 | D:2      | Noticed Robin
   968 | D:2      | Killed Robin
   969 | D:2      | Reached XP level 4. HP: 29/37 MP: 4/4
  1237 | D:2      | Noticed Jessica
  1241 | D:2      | Killed Jessica
  1473 | D:3      | Gained mutation: A meltable icy envelope protects you from
                  | harm. (AC +4) [demonic ancestry]
  1473 | D:3      | Reached XP level 5. HP: 32/42 MP: 5/5
  2089 | D:4      | Noticed Grinder
  2136 | D:3      | Paralysed by Grinder for 3 turns
  2137 | D:3      | Killed from afar by Grinder

Illustrated notes

Levels and vault maps discovered:
D:1:      roderic_crop_circles_arrival_large, layout_basic
D:2:      layout_basic, minmay_distorted, uniq_robin, uniq_jessica
D:3:      layout_basic, minivault_24, minmay_box_of_dots
D:4:      layout_rooms, nicolae_qazlal_eye_of_the_storm,
          mainiacjoe_overflow_chevrons, minmay_temple_entry_statues_fountains,
          gup_ossuary_entry_pyramid, nicolae_elevator_lobby_asterisk,
          uniq_grinder, uniq_eustachio, uniq_pikel, uniq_duvessa

Skill      XL: |  1  2  3  4  5 |
---------------+----------------+-----
Polearms       | 3 4 |  4.0
Dodging        | 3 4 |  4.0
Fighting       | 4 |  4.5

Action                     |  1- 3 |  4- 6 || total
---------------------------+-------+-------++-------
  Melee: Spear             |   139 |   189 ||   328
    Use: Scroll            |     1 |       ||     1
         Potion            |       |     1 ||     1
 Armour: Scale mail        |    47 |    94 ||   141
  Dodge: Dodged            |    53 |    91 ||   144
  Block: Orb               |    22 |    34 ||    56

Table legend: (Time is in decaauts)
 A = Elapsed time spent in this place.
 B = Non-inter-level travel time spent in this place.
 C = Inter-level travel time spent in this place.
 D = Time resting spent in this place.
 E = Time spent auto-exploring this place.
 F = Levels seen in this place.
 G = Mean time per level.
                   A        B        C        D        E       F      G
               +--------+--------+--------+--------+--------+-----+--------+
         Total |   2113 |   1981 |    132 |      0 |   1448 |   4 |  528.2 |
       Dungeon |   2113 |   1981 |    132 |      0 |   1448 |   4 |  528.2 |
               +--------+--------+--------+--------+--------+-----+--------+

Top non-repeatable levels by time:
     D:3: 751 daAuts
     D:2: 700 daAuts
     D:1: 657 daAuts
     D:4: 4 daAuts
